 Dungeon Crawl Stone Soup version 0.30-a0-777-ga9a30cbeda (webtiles) character file.

Game seed: 2593089519929591983

345 theswoord the Twirler (level 6, -3/44 HPs)
             Began as a Demonspawn Gladiator on Feb 14, 2023.
             Frozen to death by an endoplasm (4 damage)
             ... on level 3 of the Dungeon.
             The game lasted 00:02:07 (1747 turns).

theswoord the Twirler (Demonspawn Gladiator)        Turns: 1747, Time: 00:02:08

Health: -3/44      AC: 11    Str: 17    XL:     6   Next: 32%
Magic:  15/15      EV: 12    Int:  9    God:
Gold:   177        SH:  0    Dex: 14    Spells: 5/5 levels left

rFire   . . .      SeeInvis .    a - +0 quarterstaff
rCold   . . .      Faith    .    (shield currently unavailable)
rNeg    . . .      Spirit   .    b - +0 leather armour
rPois   .          Reflect  .    c - +0 helmet
rElec   .          Harm     .    (no cloak)
rCorr   .          Rampage  .    j - +0 pair of gloves
Will    .....                    (no boots)
Stlth   +                        (no amulet)
HPRegen 0.27/turn                o - ring of magical power
MPRegen 0.14/turn                r - +4 ring of protection

@: no status effects
A: yellow scales 1, weakness stinger 1
a: no special abilities


You were on level 3 of the Dungeon.
You visited 1 branch of the dungeon, and saw 4 of its levels.

You collected 177 gold pieces.

Inventory:

Hand Weapons
 a - a +0 quarterstaff (weapon)
Missiles
 d - 3 throwing nets (quivered)
 e - a javelin
Armour
 b - a +0 leather armour (worn)
 c - a +0 helmet (worn)
 j - a +0 pair of gloves (worn)
Jewellery
 o - a ring of magical power (left hand)
 r - a +4 ring of protection (right hand)
 s - an amulet of reflection
Scrolls
 f - a scroll of blinking {unknown}
 g - a scroll of enchant weapon {unknown}
 h - a scroll of magic mapping {unknown}
 i - a scroll of noise {unknown}
 l - a scroll of identify {unknown}
 n - 2 scrolls of teleportation {unknown}
Potions
 k - 2 potions of lignification
 m - a potion of curing {unknown}
 p - a potion of mutation {unknown}
 q - a potion of haste {unknown}


   Skills:
 - Level 2.0 Fighting
 + Level 6.5 Staves
 - Level 1.7 Throwing
 - Level 2.6 Dodging


You had 5 spell levels left.
You didn't know any spells.
Your spell library was empty.

Dungeon Overview and Level Annotations

Branches:
Dungeon (4/15)
 Temple: D:4-7

Altars:
Ru


Innate Abilities, Weirdness & Mutations

You are partially covered in yellow scales. (AC +2)
You have a small tail.


Message History

* * * LOW HITPOINT WARNING * * *
The endoplasm barely misses you.
You hit the kobold but do no damage. The kobold barely misses you.
Something hits you but does no damage. The kobold closely misses you.
The orc throws a silver boomerang.
The silver boomerang barely misses you. The endoplasm freezes you.
You are frozen.
* * * LOW HITPOINT WARNING * * *
You closely miss the kobold. The kobold closely misses you. The orc misses you.
Something hits you but does no damage. The kobold hits you but does no damage.
The endoplasm barely misses you.
You hit the kobold but do no damage.
Your tail-slap misses the kobold.
The kobold barely misses you. Something hits you but does no damage.
The orc hits you but does no damage. The endoplasm misses you.
The kobold misses you.
You barely miss the kobold. The kobold hits you but does no damage.
Something hits you but does no damage. The endoplasm barely misses you.
The orc barely misses you. The kobold hits you but does no damage.
You hit the kobold. The kobold completely misses you. Something hits you.
* * * LOW HITPOINT WARNING * * *
The kobold closely misses you. The orc hits you but does no damage.
The endoplasm hits you.
* * * LOW HITPOINT WARNING * * *
You barely miss the kobold. The kobold hits you but does no damage.
Something hits you but does no damage. The endoplasm barely misses you.
The orc throws a silver boomerang.
The silver boomerang misses you.
The kobold hits you with a +0 short sword.
* * * LOW HITPOINT WARNING * * *
You hit the kobold.
You kill the kobold!
The orc closely misses you. Something hits you but does no damage.
The kobold hits you but does no damage. The endoplasm closely misses you.
You closely miss the kobold. The orc closely misses you.
The kobold hits you with a +0 short sword.
* * * LOW HITPOINT WARNING * * *
You hear some strange, mumbled words.
Something tries to affect you, but you resist.
The endoplasm freezes you.
You are frozen.
You die...

## #.. . #.# . . #.#
#.##. #.# #####
#....##.## #.....
#......##### #......
#### #.........# .......
#..# ####.####.##Ko.....
#..######....).)@{......
#..#............#J......
##.........#..#.........
#.......###............
##>.....# #.##.#.......
#......# .. ..........
##.....##K. .#...###..
#.....##. # #..# ##
#.....#


You could see an orc, an endoplasm and a kobold.

Vanquished Creatures
  An ogre (D:4)
  3 orc priests
  An orc wizard (D:4)
  Natasha (twice) (D:2)
  2 adders
  An ufetubus (D:4)
  2 worms (D:2)
  3 dart slugs
  2 orcs
  5 ball pythons
  3 endoplasms
  2 giant cockroaches
  6 goblins
  3 hobgoblins
  12 jackals
  7 kobolds
  A quokka (D:1)
  2 bats (D:2)
  3 frilled lizards (D:1)
  5 rats
66 creatures vanquished.

Notes
Turn   | Place    | Note
-------+----------+-------------------------------------------
     0 | D:1      | theswoord the Demonspawn Gladiator began the quest for the
                  | Orb.
     0 | D:1      | Reached XP level 1. HP: 16/16 MP: 1/1
    57 | D:1      | Reached skill level 3 in Staves
   162 | D:1      | Gained mutation: You have a small tail. [demonic ancestry]
   162 | D:1      | Reached XP level 2. HP: 13/22 MP: 2/2
   364 | D:1      | Reached XP level 3. HP: 23/27 MP: 3/3
   729 | D:2      | Noticed Natasha
   736 | D:2      | Killed Natasha
   737 | D:2      | Reached skill level 4 in Staves
   809 | D:2      | Reached XP level 4. HP: 33/33 MP: 4/4
   809 | D:2      | Noticed Natasha
   816 | D:2      | Killed Natasha
  1075 | D:2      | Reached skill level 5 in Staves
  1086 | D:2      | You fall into a shaft and drop 2 floors!
  1149 | D:4      | Identified the +1 long sword of Rafris {spect, rN++ Str+4}
  1268 | D:4      | Gained mutation: You are partially covered in yellow
                  | scales. (AC +2) [demonic ancestry]
  1268 | D:4      | Reached XP level 5. HP: 36/38 MP: 5/5
  1269 | D:4      | Found a sacrificial altar of Ru.
  1270 | D:4      | Noticed an ogre
  1281 | D:4      | Killed an ogre
  1282 | D:4      | Reached skill level 6 in Staves
  1290 | D:4      | Reached XP level 6. HP: 33/44 MP: 6/6
  1745 | D:3      | HP: 2/44 [kobold/+0 short sword (1)]
  1747 | D:3      | Frozen to death by an endoplasm

Skill      XL: |  1  2  3  4  5 |
---------------+----------------+-----
Staves         | 3 4 5 6 |  6.5
Fighting       | |  2.0
Throwing       | |  1.7
Dodging        | |  2.6

Action                     |  1- 3 |  4- 6 || total
---------------------------+-------+-------++-------
  Melee: Quarterstaff      |   103 |   121 ||   224
         Tailslap          |     7 |    14 ||    21
    Use: Potion            |       |     1 ||     1
 Armour: Leather armour    |    41 |    56 ||    97
         Skin              |       |    25 ||    25
  Dodge: Dodged            |    66 |    80 ||   146

Levels and vault maps discovered:
D:1:      reono_arrival_mine, layout_loops_ring, corexii_item_surrounded_by_moat
D:2:      layout_basic, basic_altar, minmay_ruptured, uniq_natasha
D:3:      layout_rooms, nemelex_xobeh_ov_fountains_minmay,
          mainiacjoe_overflow_big_doors, serial_shops, shop, serial_forest,
          infiniplex_forest_3_way, infiniplex_forest_straight_1,
          infiniplex_forest_lined_room_3, infiniplex_forest_clump_medium,
          infiniplex_forest_straight_2, infiniplex_forest_clump_tiny,
          infiniplex_forest_lined_room_3, minmay_misc_feat_pillars
D:4:      layout_loops_corners, amcnicky_altar_gilded, uniq_eustachio
